 Dungeon Crawl Stone Soup version 0.28-a0-750-g7c675f85b1 (webtiles) character file.

Game seed: 17948554822736954086

313974 rogsnak the Sorcerer (level 20, -4/148 HPs)
             Began as a Purple Draconian Earth Elementalist on Oct 29, 2021.
             Was the Champion of Sif Muna.
             Killed from afar by an ironbound frostheart (26 damage)
             ... by creeping frost
             ... on level 1 of the Vaults.
             The game lasted 04:00:21 (78000 turns).

rogsnak the Sorcerer (DrEE)                        Turns: 78000, Time: 04:00:22

Health: -4/148     AC: 15    Str: 13    XL:     20   Next: 47%
Magic:  12/56      EV: 19    Int: 32    God:    Sif Muna [******]
Gold:   3794       SH:  8    Dex: 14    Spells: 17/65 levels left

rFire   . . .      SeeInvis .   L - staff of earth
rCold   . . .      Faith    .   i - +3 warlock's mirror {reflect}
rNeg    . . .      Spirit   .   (armour unavailable)
rPois   .          Reflect  +   M - +1 hat
rElec   .          Harm     .   H - +1 cloak of Starlight {*Dazzle EV+4 Stlth--}
rCorr   +          Rampage  .   G - +0 pair of fencer's gloves {Riposte Dex+3}
Will    +++..                   l - +0 pair of boots {Stlth+}
Stlth   ..........              T - amulet of Elyvilon's Benevolence {RegenMP rC- rCorr Int+9 Stlth-}
HPRegen 0.34/turn               h - ring of magical power
MPRegen 0.60/turn               u - ring of protection from cold

@: about to teleport, frozen, studying 2 skills, very slow
A: breathe power, AC +10, unfitting armour, cold-blooded
}: 2/15 runes: barnacled, gossamer
a: Breathe Dispelling Energy, Renounce Religion, Channel Magic, Forget Spell,
Divine Exegesis


You were on level 1 of the Vaults.
You worshipped Sif Muna.
Sif Muna was exalted by your worship.
You visited 8 branches of the dungeon, and saw 36 of its levels.
You also visited: Volcano and Wizlab.

You collected 4261 gold pieces.
You spent 467 gold pieces at shops.

Inventory:

Hand Weapons
 k - the +0 glaive of the Saviour {freeze, rElec rN+++ Stlth-}
   (You took it off a deep elf death mage on level 3 of the Elven Halls)

   It freezes those it strikes, dealing additional cold damage.
   It can also slow down cold-blooded creatures.
   rElec:     It insulates you from electricity.
   rN:        It renders you almost immune to negative energy.
   Stlth:     It makes you less stealthy.
 J - the +9 dagger "Metog" {elec, rCorr}
   (You found it on level 7 of the Dungeon)

   It occasionally discharges a powerful burst of electricity upon striking a
   foe.
   rCorr:     It protects you from acid and corrosion.
 V - the +6 great sword of Defiance {flame, Will+ MP+9 Dex+6}
   (You took it off a deep elf demonologist on level 3 of the Elven Halls)

   It burns those it strikes, dealing additional fire damage.
   Big, fiery blades are also staple armaments of hydra-hunters.
   Dex:       It affects your dexterity (+6).
   MP:        It affects your magic capacity (+9).
   Will:      It increases your willpower.
Missiles
 f - 20 boomerangs of dispersal
Armour
 b - the +2 ratskin cloak {*Rats rPois rN+ Str-1 Int-1 Dex+1}
   (You found it on level 1 of the Shoals)

   When the wearer is hurt, rats may emerge from it to assist them.
   Str:       It affects your strength (-1).
   Int:       It affects your intelligence (-1).
   Dex:       It affects your dexterity (+1).
   rPois:     It protects you from poison.
   rN:        It protects you from negative energy.
 i - the +3 warlock's mirror (worn) {reflect}
   (You acquired it on level 1 of the Spider Nest)

   It can block and reflect piercing ranged attacks and magical attacks against
   the wielder's willpower.
 l - a +0 pair of boots of stealth (worn)
 C - the +3 cloak of Kiduastretip {rN+}
   (You found it in a wizard's laboratory)

   rN:        It protects you from negative energy.
 G - the +0 pair of fencer's gloves (worn) {Riposte Dex+3}
   (You acquired it on level 1 of the Spider Nest)

   It allows the wearer to riposte with melee weapons, swiftly retaliating
   against missed attacks.
   Dex:       It affects your dexterity (+3).
 H - the +1 cloak of Starlight (worn) {*Dazzle EV+4 Stlth--}
   (You found it in a wizard's laboratory)

   It may blind those who miss an attack against the wearer in melee combat.
   EV:        It affects your evasion (+4).
   Stlth:     It makes you much less stealthy.
 M - a +1 hat (worn)
 O - a +2 cloak of preservation
 R - a scarf of shadows
Magical Staves
 L - a staff of earth (weapon)
Jewellery
 a - a ring of see invisible
 h - a ring of magical power (left hand)
 u - a ring of protection from cold (right hand)
 w - a ring of positive energy
 B - a ring of poison resistance
 I - the ring of the Present {Fly rF++ Str+4}
   (You found it in a wizard's laboratory)

   [ring of flight]

   Str:       It affects your strength (+4).
   rF:        It greatly protects you from fire.
   Fly:       It grants you flight.
 P - the amulet of the Four Winds {rN+ Will+++ Clar}
   (You found it on level 11 of the Dungeon)

   [amulet of nothing]

   rN:        It protects you from negative energy.
   Clar:      It protects you against confusion.
   Will:      It greatly increases your willpower.
 T - the amulet of Elyvilon's Benevolence (around neck) {RegenMP rC- rCorr Int+9 Stlth-}
   (You acquired it on level 1 of the Spider Nest)

   [amulet of magic regeneration]

   It increases your rate of magic regeneration.
   Int:       It affects your intelligence (+9).
   rC:        It makes you vulnerable to cold.
   rCorr:     It protects you from acid and corrosion.
   Stlth:     It makes you less stealthy.
 U - the amulet of Laomuroha {Reflect -Tele rPois Int+7 SH+5}
   (You took it off a deep elf zephyrmancer on level 3 of the Elven Halls)

   [amulet of reflection]

   It reflects blocked missile attacks.
   Int:       It affects your intelligence (+7).
   rPois:     It protects you from poison.
   -Tele:     It prevents most forms of teleportation.
   SH:        It affects your SH (+5).
Wands
 s - a wand of acid (33)
 N - a wand of paralysis (18)
 Q - a wand of polymorph (48)
 Y - a wand of iceblast (76)
 Z - a wand of digging (16)
Scrolls
 d - 10 scrolls of magic mapping
 o - 10 scrolls of enchant weapon
 q - 3 scrolls of blinking
 r - 5 scrolls of fog
 t - 2 scrolls of holy word
 x - a scroll of silence
 y - 6 scrolls of amnesia
 z - 22 scrolls of teleportation
 D - 9 scrolls of immolation
 S - a scroll of fear
 W - 2 scrolls of brand weapon
 X - 6 scrolls of enchant armour
Potions
 c - 9 potions of haste
 e - 2 potions of berserk rage
 g - 5 potions of ambrosia
 j - 5 potions of flight
 m - 6 potions of curing
 p - a potion of resistance
 v - 2 potions of mutation
 A - 5 potions of brilliance
 E - a potion of invisibility
 F - 2 potions of magic
 K - 4 potions of might
Miscellaneous
 n - a phantom mirror


   Skills:
 + Level 6.2 Fighting
 + Level 7.2 Dodging
 - Level 2.0 Stealth
 + Level 4.1 Shields
 + Level 23.1 Spellcasting
 + Level 22.4 Conjurations
 + Level 4.4 Summonings
 - Level 1.0 Transmutations
 * Level 11.1 Air Magic
 + Level 16.2 Earth Magic
 + Level 1.0 Evocations


You had 17 spell levels left.
You knew the following spells:

 Your Spells              Type           Power      Damage    Failure   Level
a - Sandblast             Erth           100%       2d20      0%          1
b - Stone Arrow           Conj/Erth      100%       3d13      0%          3
c - Poisonous Vapours     Pois/Air       100%       N/A       1%          2
d - Iskenderun's Battles  Conj           100%       2d15      0%          5
e - Iron Shot             Conj/Erth      63%        9d12      1%          6
f - Freezing Cloud        Conj/Ice/Air   41%        6-21      1%          5
g - Lee's Rapid Deconstr  Erth           59%        3d28*     1%          5
h - Swiftness             Air            83%        N/A       1%          3
i - Spellforged Servitor  Conj/Summ      44%        N/A       2%          7
j - Mephitic Cloud        Conj/Pois/Air  83%        N/A       1%          3
k - Maxwell's Capacitive  Air            41%        ∞         47%         8

Your spell library contained the following spells:

 Spells                   Type           Power      Damage    Failure   Level
 Foxfire                  Conj/Fire      100%       2x1d9     0%          1
 Magic Dart               Conj           100%       1d8       0%          1
 Shock                    Conj/Air       100%       1d9       0%          1
 Searing Ray              Conj           100%       2d8       0%          2
 Static Discharge         Conj/Air       98%        N/A       0%          2
 Animate Skeleton         Necr           74%        N/A       1%          1
 Beastly Appendage        Tmut           86%        N/A       1%          1
 Freeze                   Ice            100%       1d11      1%          1
 Sting                    Tmut/Pois      100%       1d8       1%          1
 Blink                    Tloc           74%        N/A       1%          2
 Corpse Rot               Necr/Air       100%       N/A       1%          2
 Passwall                 Tmut/Erth      79%        N/A       1%          2
 Scorch                   Fire           74%        2d9       1%          2
 Sublimation of Blood     Necr           18%        N/A       1%          2
 Wereblood                Tmut           43%        N/A       1%          2
 Call Canine Familiar     Summ           60%        N/A       1%          3
 Conjure Flame            Conj/Fire      83%        6-21      1%          3
 Dazzling Flash           Conj/Hex       100%       N/A       1%          3
 Ignite Poison            Fire/Tmut/Pois 39%        N/A       1%          3
 Summon Guardian Golem    Hex/Summ       51%        N/A       1%          3
 Airstrike                Air            41%        N/A       1%          4
 Flame Wave               Conj/Fire      83%        3d14      1%          4
 Fulminant Prism          Conj/Hex       41%        3d20      1%          4
 Hailstorm                Conj/Ice       83%        3d17      1%          4
 Iskenderun's Mystic Bla  Conj/Tloc      83%        2d16      1%          4
 Leda's Liquefaction      Hex/Erth       46%        N/A       1%          4
 Petrify                  Tmut/Erth      95%        N/A       1%          4
 Sticky Flame             Conj/Fire      83%        2d9       1%          4
 Summon Lightning Spire   Summ/Air       72%        N/A       1%          4
 Borgnjor's Vile Clutch   Necr/Erth      46%        N/A       1%          5
 Fireball                 Conj/Fire      41%        3d17      1%          5
 Irradiate                Conj/Tmut      42%        3d28      1%          5
 Lightning Bolt           Conj/Air       49%        1d69      1%          5
 Conjure Ball Lightning   Conj/Air       49%        3x3d17    1%          6
 Starburst                Conj/Fire      41%        6d12      1%          6
 Orb of Destruction       Conj           55%        9d16      1%          7
 Lehudib's Crystal Spear  Conj/Erth      63%        10d15     1%          8
 Confusing Touch          Hex            37%        N/A       2%          3
 Frozen Ramparts          Ice            74%        1d9       2%          3
 Gell's Gravitas          Tloc           18%        N/A       2%          3
 Ozocubu's Armour         Ice            37%        N/A       2%          3
 Portal Projectile        Hex/Tloc       74%        N/A       2%          3
 Teleport Other           Tloc           37%        N/A       2%          3
 Tukima's Dance           Hex            37%        N/A       2%          3
 Vampiric Draining        Necr           18%        2d8       2%          3
 Silence                  Hex/Air        32%        N/A       2%          5
 Summon Ice Beast         Ice/Summ       51%        N/A       3%          4
 Statue Form              Tmut/Erth      63%        N/A       3%          6
 Ice Form                 Ice/Tmut       40%        N/A       6%          4
 Cause Fear               Hex            18%        N/A       8%          4
 Passage of Golubria      Tloc           37%        N/A       8%          4
 Summon Forest            Summ/Tloc      25%        N/A       9%          5
 Summon Mana Viper        Hex/Summ       51%        N/A       9%          5
 Blade Hands              Tmut           21%        N/A       14%         5
 Alistair's Intoxication  Tmut/Pois      26%        N/A       19%         5
 Summon Cactus Giant      Summ           30%        N/A       19%         6
 Agony                    Necr           37%        N/A       22%         5
 Excruciating Wounds      Necr           18%        N/A       22%         5
 Metabolic Englaciation   Hex/Ice        18%        N/A       22%         5
 Storm Form               Tmut/Air       33%        N/A       50%         7
 Chain Lightning          Conj/Air       49%        3d65      63%         9
 Eringya's Noxious Bog    Tmut/Pois      20%        N/A       69%         6
 Summon Hydra             Summ           30%        N/A       71%         7
 Dispersal                Tloc           18%        N/A       77%         6
 Invisibility             Hex            18%        N/A       77%         6
 Simulacrum               Ice/Necr       18%        N/A       77%         6
 Malign Gateway           Summ/Tloc      25%        N/A       95%         7
 Dragon Form              Tmut           21%        N/A       99%         7
 Ozocubu's Refrigeration  Ice            18%        4d8       100%        7
 Borgnjor's Revivificati  Necr           18%        N/A       100%        8
 Disjunction              Tloc           18%        N/A       100%        8
 Ignition                 Fire           18%        3d7       100%        8
 Necromutation            Tmut/Necr      20%        N/A       100%        8
 Summon Horrible Things   Summ           30%        N/A       100%        8
 Death's Door             Necr           18%        N/A       100%        9
 Dragon's Call            Summ           30%        N/A       100%        9
 Fire Storm               Conj/Fire      41%        8d11      100%        9
 Polar Vortex             Ice            18%        N/A       100%        9


Dungeon Overview and Level Annotations

Branches:
Dungeon (15/15)            Temple (1/1) D:4            Lair (6/6) D:10
 Shoals (4/4) Lair:2       Spider (4/4) Lair:4        Slime (0/5) Lair:5
    Orc (2/2) D:9             Elf (3/3) Orc:2        Vaults (1/5) D:14
 Depths (0/4) D:15        Volcano (visited)          WizLab (visited)

Altars:
Cheibriados
Dithmenos
Elyvilon
Fedhas
Hepliaklqana
Makhleb
Ru
Sif Muna
Trog
Vehumet
Zin
The Shining One
Beogh
Jiyva
Lugonu

Shops:
D:2 =   D:4 *   D:10 =   D:15 !   Orc:2 **=*   Elf:2 (   Shoals:1 *(*[
Shoals:2 :

Portals:
Abyss: Lair:6

Annotations:
D:11 Wall Cache Awesome
D:12 1 runed translucent door, Hypnoxylon's ghost, journeyman TrMo
D:14 8 runed translucent doors


Innate Abilities, Weirdness & Mutations

You can breathe bolts of dispelling energy.
Your rich purple scales are hard. (AC +10)
You cannot fit into any form of body armour.
You are cold-blooded and may be slowed by cold attacks.


Message History

You riposte.
You hit the ironbound frostheart.
You shatter the ironbound frostheart!
The ironbound frostheart is severely wounded.
Casting: Iskenderun's Battlesphere (safe; 0% risk of failure)
Confirm with . or Enter, or press ? or * to list all spells.
Aiming: Iron Shot (safe; 1% risk of failure)
Press: ? - help, Shift-Dir - straight line, f/p - ironbound frostheart
Aim: an ironbound frostheart, wearing a +0 scale mail (severely wounded, 83% to hit)
You feel a surge of power!
The iron shot misses the ironbound frostheart.
The ice encasing you melts away.
Your battlesphere fires!
The barrage of energy hits the ironbound frostheart!
The ironbound frostheart is almost dead.
The ironbound frostheart calls freezing cold from the walls.
The frost grips you!
* * * LOW HITPOINT WARNING * * *
You are encased in ice.
You block the deep troll's attack.
The deep troll claws you but does no damage.
The deep troll claws you.
* * * LOW HITPOINT WARNING * * *
Unknown command.
Okay, then.
Okay, then.
As you read the scroll of teleportation, it crumbles to dust.
You feel strangely unstable.
The ironbound frostheart calls freezing cold from the walls.
The frost grips you!!
* * * LOW HITPOINT WARNING * * *
The deep troll completely misses you. You block the deep troll's attack.
The deep troll closely misses you.
Okay, then.
Press: ? - help, v - describe, . - travel
Here: an ironbound frostheart, wearing a +0 scale mail (almost dead, ally target)
The floor, spattered with blood.
Okay, then.
The ironbound frostheart calls freezing cold from the walls.
The frost grips you!!
You die...

**
**,,***#.#......,,,,,,*,,,*#..
****,,**
*#.#.§...,,,,,,,*,***#.. ,**,,**
**,.§§§...,,,,,,,*,***#.. ,,,,**
**,,*#§§...,,,,,,,*,,,*#.. *,,**
**,,**#§§§.########*,,,*#.. ****
*,,** #....#.......*,***#.. ****
#..Tp#.......*,***#)#
#....'.......*,,,*#.#
#...@#.......*,,,*#.#
***#**##*###..*.#.......+,***#.#
*.##.##.##.#....#.......*,***#.#
*...^......#....########*,,,*#.#
*..........#...........,*,,,*#.#
*..........#............#,***#.#
*.##.##.##.'............#,* #.#
******##*###............######.#
#.................)..


You could see an ironbound frostheart (ally target), a deep troll and a friendly
battlesphere.

Vanquished Creatures
  Jorgrun (D:12)
  Rupert (D:12)
  2 deep elf master archers (Elf:3)
  A deep elf blademaster (Elf:3)
  Polyphemus (Shoals:2)
  Agnes (Spider:1)
  An eldritch tentacle (WizLab)
  3 tentacled starspawn (WizLab)
  An Executioner (WizLab)
  A kraken (Shoals:1)
  Roxanne (Spider:4)
  Kirke (D:12)
  4 ghost moths
  4 emperor scorpions
  4 deep elf sorcerers
  A frost giant (Shoals:4)
  A vault warden (Vaults:1)
  3 deep elf elementalists (Elf:3)
  The ghost of Berder the Fighter, a journeyman OpCA of Vehumet (D:13)
  An ironbound preserver (Vaults:1)
  9 deep elf demonologists
  Azrael (D:12)
  6 entropy weavers
  An elemental wellspring (Shoals:2)
  10 deep elf annihilators (Elf:3)
  An ettin (Orc:2)
  An eidolon (WizLab)
  5 merfolk javelineers
  Snorg (Orc:1)
  10 merfolk impalers
  3 deep elf high priests (Elf:3)
  A great orb of eyes (Vaults:1)
  7 deep elf death magi (Elf:3)
  A rakshasa (WizLab)
  4 yaktaur captains
  Harold (D:8)
  4 vault guards (D:14)
  The ghost of ragingrage the Martial Artist, a journeyman DsCK of Xom (D:8)
  Erolcha (D:13)
  3 merfolk avatars
  9 boulder beetles
  10 centaur warriors
  12 hydras
  An ice dragon (shapeshifter) (D:14)
  3 ogre magi
  3 catoblepae
  A death knight (D:12)
  Erica (D:10)
  9 death yaks
  An alligator snapping turtle (Shoals:2)
  3 satyrs (Shoals:4)
  10 two-headed ogres
  26 dancing weapons
  A death yak (shapeshifter) (Lair:6)
  2 orc high priests
  A tengu warrior (D:12)
  3 thrashing horrors
  Sonja (D:13)
  Nergalle (Orc:1)
  16 deep elf knights
  13 sea snakes
  4 nameless horrors
  8 deep trolls
  A glowing orange brain (WizLab)
  An obsidian statue (WizLab)
  3 orc knights
  10 deep elf archers
  5 wizards
  Pikel (D:9)
  31 deep elf pyromancers
  A wolf spider zombie (D:15)
  16 harpies
  A necromancer (D:15)
  9 orc sorcerers (Orc:2)
  9 ugly things
  9 orb spiders
  An ironbound convoker (Vaults:1)
  23 deep elf zephyrmancers
  2 lindwurms (Vaults:1)
  An oklob plant (D:15)
  28 wolf spiders
  7 manticores
  12 cyclopes
  13 elephants
  A moth of wrath (Spider:4)
  A smoke demon (Lair:6)
  7 water nymphs
  A naga mage (D:15)
  A vault sentinel (Vaults:1)
  4 gargoyles
  Maurice (D:10)
  A black mamba (Lair:6)
  7 merfolk sirens
  An orange demon (WizLab)
  13 cane toads
  A torpor snail (Lair:2)
  A komodo dragon (shapeshifter) (Lair:6)
  An unseen horror (D:13)
  4 komodo dragons
  A yaktaur (shapeshifter) (Elf:1)
  Psyche (D:8)
  A kobold demonologist (D:10)
  10 demonic crawlers
  3 efreet (D:15)
  A hellwing (WizLab)
  The ghost of KoroneIsBestGirl the Chiller, a novice OpIE (D:4)
  3 tengu conjurers
  3 ancient zymes
  A yaktaur (Vaults:1)
  3 freezing wraiths
  A queen bee (Spider:1)
  22 merfolk
  A jumping spider (shapeshifter) (Elf:2)
  33 jumping spiders
  A polar bear (Lair:3)
  Prince Ribbit (D:9)
  A queen bee (shapeshifter) (D:15)
  8 hornets
  4 meliai
  5 trolls
  19 slime creatures
  2 hornets (shapeshifter)
  34 blink frogs
  2 wind drakes (Shoals:4)
  A harpy skeleton (D:15)
  A raiju (shapeshifter) (D:13)
  8 snapping turtles
  2 centaur simulacra (D:15)
  A meliai zombie (D:7)
  22 dream sheep
  9 water elementals
  3 ynoxinuls (Lair:6)
  3 air elementals
  54 redbacks
  6 wraiths
  31 yaks
  20 tarantellas
  3 shadows
  2 spriggans (Lair:6)
  A wyvern (Lair:3)
  A chaos spawn (Lair:6)
  9 fire elementals
  4 hogs (D:12)
  2 steam dragons
  8 basilisks
  A redback simulacrum (D:15)
  3 vampire mosquitoes (D:14)
  9 wargs
  2 acid dragons
  A spatial vortex (WizLab)
  12 water moccasins
  20 orc warriors
  7 hell hounds
  2 large abominations (Lair:6)
  3 sky beasts
  3 black bears
  A black bear (shapeshifter) (D:14)
  19 centaurs
  6 ogres
  2 boggarts
  A boggart (shapeshifter) (D:14)
  13 wolves
  2 phantoms
  4 lemures (D:9)
  5 kobold brigands
  13 bullfrogs
  2 scorpions
  2 wyvern zombies (D:7)
  A gnoll sergeant (D:13)
  2 earth elementals
  A water moccasin zombie (D:4)
  22 killer bees
  8 wights
  2 electric eels
  12 howler monkeys
  A crimson imp (WizLab)
  5 centaur zombies
  A bullfrog skeleton (D:5)
  4 hounds
  5 jellies
  18 orc priests
  A centaur skeleton (D:6)
  A gnoll shaman (D:6)
  Natasha (thrice) (D:4)
  5 iguanas
  37 orc wizards
  A killer bee zombie (D:4)
  10 small abominations
  2 howler monkey zombies
  7 gnolls
  A howler monkey skeleton (D:4)
  6 adders
  A shadow imp (D:5)
  2 white imps
  2 ufetubi
  3 worms
  4 dart slugs
  86 orcs
  4 bats
  9 endoplasms
  3 giant cockroaches (D:2)
  8 goblins
  7 hobgoblins
  3 jackals (D:1)
  23 kobolds
  3 quokkas
  6 ball pythons
  4 frilled lizards (D:1)
  6 rats
  A starspawn tentacle (WizLab)
1290 creatures vanquished.

Vanquished Creatures (collateral kills)
  Mlioglotl (Shoals:3)
  Asterion (Vaults:1)
  2 emperor scorpions (Spider:4)
  A frost giant (Vaults:1)
  An ironbound preserver (Vaults:1)
  2 elemental wellsprings (Shoals:2)
  2 entropy weavers
  A spark wasp (Spider:4)
  3 merfolk javelineers (Shoals:1)
  A boulder beetle (Spider:3)
  3 merfolk avatars
  3 merfolk aquamancers
  A satyr (Shoals:4)
  An ironbound frostheart (Vaults:1)
  2 death yaks (Shoals:2)
  A sixfirhy (WizLab)
  A deep troll (Vaults:1)
  A lindwurm (Vaults:1)
  4 harpies
  An orb spider (Spider:4)
  8 wolf spiders
  An ugly thing (WizLab)
  2 fauns (Shoals:2)
  A worldbinder (WizLab)
  5 manticores
  A moth of wrath (Spider:4)
  A water nymph (Shoals:2)
  A merfolk siren (Shoals:4)
  A demonspawn skeleton (WizLab)
  An ice devil (WizLab)
  4 demonic crawlers (Spider:3)
  4 hornets
  13 merfolk
  11 jumping spiders
  A wind drake (Shoals:4)
  3 slime creatures (Vaults:1)
  2 blink frogs (WizLab)
  5 dream sheep
  4 snapping turtles
  3 water elementals
  6 tarantellas
  23 redbacks
  A fire elemental (WizLab)
  A centaur (Shoals:3)
136 creatures vanquished.

Vanquished Creatures (others)
  A merfolk aquamancer (Shoals:4)
  A wizard (D:14)
  A wolf spider (Spider:4)
  A blink frog (WizLab)
  2 slime creatures (D:12)
  A fire elemental (D:12)
  A spatial vortex (WizLab)
  40 fungi
  130 plants
  A starspawn tentacle (WizLab)
  8 tentacles (Shoals:1)
  10 toadstools (D:15)
197 creatures vanquished.

Grand Total: 1623 creatures vanquished

Notes
Turn   | Place    | Note
-------+----------+-------------------------------------------
     0 | D:1      | rogsnak the Draconian Earth Elementalist began the quest
                  | for the Orb.
     0 | D:1      | Reached XP level 1. HP: 14/14 MP: 3/3
   250 | D:1      | Found a faded altar of an unknown god.
   258 | D:1      | Reached XP level 2. HP: 20/20 MP: 5/5
  1057 | D:1      | Reached XP level 3. HP: 23/26 MP: 6/6
  1092 | D:1      | Learned a level 3 spell: Stone Arrow
  1586 | D:2      | Found Siburphid's Jewellery Emporium.
  2631 | D:2      | Reached XP level 4. HP: 24/34 MP: 2/7
  2981 | D:3      | Reached skill level 1 in Fighting
  3141 | D:3      | Noticed a sky beast
  3249 | D:2      | Killed a sky beast
  3250 | D:2      | Reached skill level 1 in Conjurations
  3250 | D:2      | Reached XP level 5. HP: 10/40 MP: 3/9
  3668 | D:3      | Found a hazy altar of Hepliaklqana.
  3783 | D:3      | Reached skill level 3 in Spellcasting
  4808 | D:3      | Reached XP level 6. HP: 47/47 MP: 0/10
  5037 | D:4      | Noticed Natasha
  5039 | D:4      | Killed Natasha
  5060 | D:4      | Found a staircase to the Ecumenical Temple.
  5069 | Temple   | Entered the Ecumenical Temple
  5075 | Temple   | Became a worshipper of Sif Muna the Loreminder
  5182 | D:4      | Learned a level 2 spell: Poisonous Vapours
  5428 | D:4      | Noticed Natasha
  5436 | D:4      | Killed Natasha
  5494 | D:4      | Found a transporter.
  5496 | D:4      | Noticed KoroneIsBestGirl's ghost (novice OpIE)
  5498 | D:4      | Found a transporter.
  5714 | D:4      | Found Cillaeck's Neck Hole.
  5913 | D:4      | Noticed Natasha
  5916 | D:4      | Killed Natasha
  6430 | D:5      | Entered Level 5 of the Dungeon
  6493 | D:4      | Reached skill level 1 in Air Magic
  6623 | D:5      | Reached skill level 4 in Spellcasting
  6623 | D:5      | Your scales start taking on a rich purple colour.
  6623 | D:5      | Reached XP level 7. HP: 55/55 MP: 5/14
  6823 | D:5      | Found a shadowy altar of Dithmenos.
  6966 | D:5      | Reached skill level 5 in Spellcasting
  7442 | D:5      | Reached skill level 5 in Earth Magic
  7899 | D:5      | Reached XP level 8. HP: 62/62 MP: 12/16
  8304 | D:6      | Reached skill level 6 in Spellcasting
  9230 | D:7      | Reached skill level 5 in Conjurations
  9509 | D:7      | Reached * piety under Sif Muna
  9606 | D:7      | Reached XP level 9. HP: 68/68 MP: 9/19
  9884 | D:7      | Reached skill level 7 in Spellcasting
 10196 | D:7      | Learned a level 5 spell: Iskenderun's Battlesphere
 10203 | D:7      | Learned a level 6 spell: Iron Shot
 10953 | D:7      | Identified the +9 dagger "Metog" {elec, rCorr}
 11588 | D:8      | Reached skill level 5 in Air Magic
 11589 | D:8      | Noticed Harold
 11819 | D:8      | Found a runed translucent gate.
 11819 | D:8      | Found a runed translucent gate.
 11819 | D:8      | Found a runed translucent gate.
 11821 | D:8      | Found a viscous altar of Jiyva.
 11821 | D:8      | Noticed ragingrage's ghost (journeyman DsCK)
 12029 | D:8      | Killed Harold
 12030 | D:8      | Reached skill level 8 in Spellcasting
 12110 | D:8      | Reached ** piety under Sif Muna
 12111 | D:8      | Reached XP level 10. HP: 77/77 MP: 10/22
 12111 | D:8      | Noticed Psyche
 12126 | D:8      | Killed Psyche
 12492 | D:8      | Noticed a two-headed ogre
 12501 | D:8      | Killed a two-headed ogre
 13455 | D:9      | Noticed Prince Ribbit
 13474 | D:9      | Killed Prince Ribbit
 13606 | D:9      | Reached skill level 9 in Spellcasting
 13666 | D:9      | Upgraded the game from 0.28-a0-730-g892d06dc2c to
                  | 0.28-a0-750-g7c675f85b1
 13676 | D:9      | Noticed Pikel
 13699 | D:9      | Found a blossoming altar of Fedhas.
 13879 | D:9      | Found a staircase to the Orcish Mines.
 14393 | D:9      | Killed Pikel
 14547 | D:10     | Entered Level 10 of the Dungeon
 14551 | D:10     | Found a staircase to the Lair.
 14863 | D:10     | Identified the +2 chain mail of Dishonour {Str-3 Dex+6}
 14893 | D:10     | Found a burning altar of Makhleb.
 14947 | D:10     | Found a bloodstained altar of Trog.
 14948 | D:10     | Found a snail-covered altar of Cheibriados.
 15135 | D:10     | Noticed Maurice
 15141 | D:10     | Killed Maurice
 15462 | D:10     | Noticed Erica
 15469 | D:10     | Killed Erica
 15470 | D:10     | Reached XP level 11. HP: 72/82 MP: 2/24
 15645 | D:10     | Found Zeteuci's Jewellery Boutique.
 15860 | D:10     | Noticed a soul eater
 16298 | D:11     | Reached skill level 10 in Spellcasting
 16477 | D:11     | Found the amulet of the Four Winds {rN+ Will+++ Clar}
 16516 | D:11     | Noticed a deep troll
 16517 | D:11     | Noticed an ogre mage
 16518 | D:11     | Noticed an eight-headed hydra
 16520 | D:11     | Noticed a boulder beetle
 16522 | D:11     | Noticed a deep elf pyromancer
 16576 | D:11     | Noticed a yaktaur captain
 16606 | D:11     | Killed a yaktaur captain
 16958 | D:11     | Reached *** piety under Sif Muna
 17201 | D:11     | Reached skill level 10 in Conjurations
 17312 | D:11     | Noticed a two-headed ogre
 17312 | D:11     | Noticed a two-headed ogre
 17313 | D:11     | Noticed a two-headed ogre
 17313 | D:11     | Noticed a two-headed ogre
 17721 | D:11     | Noticed a two-headed ogre
 18036 | D:11     | Noticed a boulder beetle
 18070 | D:11     | HP: 4/83 [boulder beetle (31)]
 18541 | D:11     | Noticed a four-headed hydra
 18663 | D:11     | Noticed a two-headed ogre
 18675 | D:11     | Noticed a two-headed ogre
 18690 | D:11     | Killed a two-headed ogre
 18765 | D:11     | Noticed an ogre mage
 19240 | D:11     | Killed an ogre mage
 19247 | D:11     | Killed a two-headed ogre
 19248 | D:11     | Reached skill level 11 in Spellcasting
 19356 | D:11     | Killed a two-headed ogre
 19539 | D:11     | Killed a four-headed hydra
 19552 | D:11     | Noticed a brown ugly thing
 19563 | D:11     | Killed a brown ugly thing
 19703 | D:11     | Killed a two-headed ogre
 19703 | D:11     | Noticed a deep elf pyromancer
 19704 | D:11     | Reached XP level 12. HP: 82/91 MP: 20/27
 19708 | D:11     | Killed a two-headed ogre
 19952 | D:11     | Killed a two-headed ogre
 20360 | D:12     | Noticed Rupert
 20465 | Orc:1    | Entered Level 1 of the Orcish Mines
 20465 | Orc:1    | Noticed Snorg
 20470 | Orc:1    | Killed Snorg
 20471 | Orc:1    | Reached skill level 12 in Spellcasting
 20765 | Orc:1    | Noticed an orc high priest
 20957 | D:9      | Killed an orc high priest
 20958 | D:9      | Reached skill level 5 in Dodging
 21071 | Orc:1    | Reached skill level 1 in Shields
 21187 | Orc:1    | Noticed Nergalle
 21196 | Orc:1    | Killed Nergalle
 21466 | Orc:2    | Entered Level 2 of the Orcish Mines
 21473 | Orc:2    | Noticed an ettin
 21479 | Orc:2    | Killed an ettin
 21579 | Orc:2    | Reached **** piety under Sif Muna
 21706 | Orc:1    | Learned a level 5 spell: Freezing Cloud
 21823 | Orc:2    | Noticed an orc high priest
 22009 | Orc:2    | Killed an orc high priest
 22197 | Orc:2    | Found a staircase to the Elven Halls.
 23390 | Orc:1    | Found a shimmering blue altar of Sif Muna.
 23834 | Orc:2    | Noticed a two-headed ogre
 24366 | Orc:2    | Reached skill level 13 in Spellcasting
 24541 | Orc:2    | Killed a two-headed ogre
 24704 | Orc:2    | Reached ***** piety under Sif Muna
 24754 | Orc:2    | Reached XP level 13. HP: 96/96 MP: 5/30
 25178 | Orc:2    | Found Inyqycs's Assorted Antiques.
 25178 | Orc:2    | Found Huecvur's Jewellery Emporium.
 25277 | Orc:2    | Received a gift from Sif Muna
 25280 | Orc:2    | Got Sif Muna's Tome of Lightness and Damage Dealing {god
                  | gift}
 26194 | Orc:2    | Found Uho Teun's General Store.
 26194 | Orc:2    | Found Byuxt's General Store.
 26344 | Orc:2    | Bought a slimy long sword for 272 gold pieces
 26344 | Orc:2    | Identified the +5 long sword of Etahoras {freeze, rElec
                  | Int+2} (You bought it in a shop on level 2 of the Orcish
                  | Mines)
 26447 | Lair:1   | Entered Level 1 of the Lair of Beasts
 27407 | Lair:2   | Found a frozen archway.
 27419 | Lair:2   | Found a dark tunnel.
 27429 | Volcano  | Entered a volcano
 28269 | Lair:2   | Found a staircase to the Shoals.
 28710 | Lair:2   | Reached skill level 10 in Earth Magic
 29463 | Lair:3   | Reached skill level 14 in Spellcasting
 30535 | Lair:3   | Reached skill level 15 in Conjurations
 31419 | Lair:4   | Found a hole to the Spider Nest.
 31464 | Lair:4   | Received a gift from Sif Muna
 31466 | Lair:4   | Got Sif Muna's Grimoire of the Feathery Rocks {god gift}
 31763 | Lair:4   | Reached XP level 14. HP: 104/104 MP: 8/32
 32981 | Lair:5   | Found a runed translucent door.
 32986 | Lair:5   | Found a viscous altar of Jiyva.
 32990 | Lair:5   | Found a staircase to the Slime Pits.
 33637 | Lair:5   | Learned a level 5 spell: Lee's Rapid Deconstruction
 34514 | Lair:5   | Reached skill level 15 in Spellcasting
 35082 | Lair:6   | Entered Level 6 of the Lair of Beasts
 37215 | Lair:6   | Received a gift from Sif Muna
 37216 | Lair:6   | Got Sif Muna's Guide on Flight {god gift}
 37515 | Lair:6   | Identified the +2 leather armour of the Boiling Point
                  | {rN++}
 37659 | Lair:6   | Reached XP level 15. HP: 110/110 MP: 16/34
 38432 | Lair:6   | Found a corrupted altar of Lugonu.
 38432 | Lair:6   | Found a one-way gate to the infinite horrors of the Abyss.
 39130 | D:8      | Killed ragingrage's ghost
 39313 | D:4      | Killed KoroneIsBestGirl's ghost
 39476 | Elf:1    | Entered Level 1 of the Elven Halls
 40266 | Elf:1    | Reached skill level 16 in Spellcasting
 42108 | Elf:1    | Noticed a deep elf sorcerer
 42113 | Elf:1    | Killed a deep elf sorcerer
 42682 | Elf:2    | Found a runed translucent gate.
 42682 | Elf:2    | Found a runed translucent gate.
 42682 | Elf:2    | Found a runed translucent gate.
 43065 | Elf:2    | Received a gift from Sif Muna
 43066 | Elf:2    | Got Sif Muna's Tome of Damage Dealing {god gift}
 43157 | Elf:2    | Found Hyank's Weapon Shoppe.
 43359 | Elf:1    | Found a radiant altar of Vehumet.
 43850 | Elf:2    | Reached XP level 16. HP: 118/118 MP: 17/36
 44572 | Elf:2    | Reached skill level 17 in Spellcasting
 45609 | Elf:3    | Entered Level 3 of the Elven Halls
 45657 | Elf:3    | Paralysed by an air elemental for 1 turns
 47654 | Elf:3    | Identified the +1 storm dragon scales "Vudghet" {rElec
                  | Int+6}
 47654 | Elf:3    | Noticed a deep elf blademaster
 47659 | Elf:3    | Killed a deep elf blademaster
 47660 | Elf:3    | Reached skill level 18 in Spellcasting
 48143 | Elf:3    | Noticed a deep elf master archer
 48156 | Elf:3    | Killed a deep elf master archer
 48581 | Elf:3    | Identified the +2 war axe "Louwesoq" {venom, Fly rF+ rCorr
                  | Dex+4}
 48592 | Elf:3    | Identified the +9 spear of the Viper {pain, SInv}
 48592 | Elf:3    | Identified the +7 scale mail of the Morning Star {Contam
                  | rN++ rCorr Int+2}
 48595 | Elf:3    | Identified the +1 morningstar of Autumn {holy, rElec rCorr}
 48794 | Elf:3    | Identified the +6 great sword of Defiance {flame, Will+
                  | MP+9 Dex+6}
 48870 | Elf:3    | Identified the amulet of Laomuroha {Reflect -Tele rPois
                  | Int+7 SH+5}
 48952 | Elf:3    | Noticed a Brimstone Fiend
 48953 | Elf:3    | Identified the +0 glaive of the Saviour {freeze, rElec
                  | rN+++ Stlth-}
 48959 | Elf:3    | Reached XP level 17. HP: 67/124 MP: 6/39
 49193 | Elf:3    | Noticed an Ice Fiend
 49256 | Elf:3    | Noticed a deep elf master archer
 49261 | Elf:3    | Killed a deep elf master archer
 49275 | Elf:3    | Identified the +9 whip of Midnight {elec, rC+}
 49438 | Elf:3    | Identified the +7 flail of Ojuro {freeze, Str+4}
 49465 | Elf:3    | Found the +9 heavy crossbow "Sniper" {vorpal, Acc+∞ SInv}
 49562 | Elf:3    | Identified the +9 longbow of Zekier {freeze, rF- rC+ SInv}
 49566 | Elf:3    | Identified the +4 hand crossbow of Uxzumu {vorpal, rPois
                  | Str+3}
 49595 | Elf:3    | Got the Guide on Combat Magic
 49858 | D:12     | Killed Rupert
 49859 | D:12     | Reached skill level 10 in Air Magic
 49949 | D:12     | Received a gift from Sif Muna
 49950 | D:12     | Got Sif Muna's Papyrus of Dusty Moulding {god gift}
 50058 | D:12     | Noticed Azrael
 50073 | D:12     | Noticed Jorgrun
 50074 | D:12     | Killed Azrael
 50113 | D:12     | HP: 6/124 [Jorgrun/blast of rock fragments (34)]
 50811 | D:12     | Found a runed translucent door.
 50814 | D:12     | Noticed Hypnoxylon's ghost (journeyman TrMo)
 50815 | D:12     | Identified the +1 trident "Zoiwan" {drain, Drain rC- rCorr
                  | Str+4}
 50907 | D:12     | Noticed Kirke
 50915 | D:12     | Killed Kirke
 51562 | D:12     | Killed Jorgrun
 52229 | D:13     | Found a runed translucent door.
 52229 | D:13     | Noticed Berder's ghost (journeyman OpCA)
 52253 | D:13     | Noticed Sonja
 52257 | D:13     | Killed Sonja
 52262 | D:13     | Killed Berder's ghost
 52712 | D:13     | Reached skill level 19 in Spellcasting
 53319 | D:13     | Noticed Erolcha
 53324 | D:13     | Killed Erolcha
 54347 | D:14     | Found a large runed translucent door.
 54348 | D:14     | Found a large runed translucent door.
 54351 | D:14     | Found a large runed translucent door.
 54352 | D:14     | Found a large runed translucent door.
 54501 | D:14     | Reached skill level 5 in Fighting
 54821 | D:14     | Received a gift from Sif Muna
 54822 | D:14     | Got Ruvenusk's Handbook of Intimidation {god gift}
 55295 | D:14     | Found a large runed translucent door.
 55296 | D:14     | Found a large runed translucent door.
 55475 | D:14     | Found a large runed translucent door.
 55476 | D:14     | Found a large runed translucent door.
 56111 | D:14     | Found a gate to the Vaults.
 56255 | D:15     | Entered Level 15 of the Dungeon
 57392 | D:15     | Found a staircase to the Depths.
 58016 | D:15     | Noticed Nessos
 58020 | D:15     | Noticed Nessos
 58020 | D:15     | Nessos changed into Nessos the redback
 58021 | D:15     | Killed Nessos the redback
 58113 | D:15     | Found Caloekk's Distillery.
 58240 | D:15     | Found a blossoming altar of Fedhas.
 58625 | Spider:1 | Entered Level 1 of the Spider Nest
 58705 | Spider:1 | Learned a level 3 spell: Swiftness
 58713 | Spider:1 | Learned a level 7 spell: Spellforged Servitor
 58805 | Spider:1 | Reached skill level 20 in Spellcasting
 58952 | Spider:1 | Reached XP level 18. HP: 27/133 MP: 25/42
 59456 | Spider:1 | Learned a level 3 spell: Mephitic Cloud
 59977 | Spider:1 | Noticed Agnes
 59983 | Spider:1 | Killed Agnes
 59990 | Spider:1 | Received a gift from Sif Muna
 59994 | Spider:1 | Got Sif Muna's Compendium of the Unstable Traveller {god
                  | gift}
 60851 | Spider:1 | Identified 4 scrolls of acquirement
 60852 | Spider:1 | Acquired the amulet of Elyvilon's Benevolence {RegenMP rC-
                  | rCorr Int+9 Stlth-}
 60859 | Spider:1 | Acquired a manual of Shields
 60860 | Spider:1 | Acquired the +0 pair of fencer's gloves {Riposte Dex+3}
 60860 | Spider:1 | Found the +0 pair of fencer's gloves {Riposte Dex+3}
 60873 | Spider:1 | Acquired the +3 warlock's mirror {reflect}
 60873 | Spider:1 | Found the +3 warlock's mirror {reflect}
 62362 | Spider:2 | You fall into a shaft and drop 1 floor!
 62669 | Spider:3 | Identified the +1 leather armour "Cuofruzu" {Dex+6}
 63225 | Spider:2 | Received a gift from Sif Muna
 63226 | Spider:2 | Got Extipsij's Almanac of Darkness and Orientation {god
                  | gift}
 65334 | Spider:4 | Entered Level 4 of the Spider Nest
 65584 | Spider:3 | Reached skill level 1 in Summonings
 66030 | Spider:4 | Reached skill level 15 in Earth Magic
 66798 | Spider:4 | Reached skill level 21 in Spellcasting
 66936 | Spider:4 | Identified Roxanne's Guide on the Mountains
 66936 | Spider:4 | Noticed Roxanne
 67595 | Spider:4 | Identified the +2 ring mail "Pufuof" {rF+ rCorr MP+9}
 67624 | Spider:4 | Killed Roxanne
 67685 | Spider:4 | Received a gift from Sif Muna
 67686 | Spider:4 | Reached skill level 1 in Evocations
 67721 | Spider:4 | Got Sif Muna's Handbook of the Dusty Oath {god gift}
 68432 | Spider:3 | Reached XP level 19. HP: 140/140 MP: 4/44
 69177 | Spider:4 | Got a gossamer rune of Zot
 69336 | Shoals:1 | Entered Level 1 of the Shoals
 69575 | Shoals:1 | Found the +2 ratskin cloak {*Rats rPois rN+ Str-1 Int-1
                  | Dex+1}
 69643 | Shoals:1 | Found Monoma's Visitors' Centre.
 69643 | Shoals:1 | Found Monoma's Merfolk Magic.
 69955 | Shoals:1 | Found Monoma's Merfolk Armours.
 69955 | Shoals:1 | Found Monoma's Merfolk Weapons.
 69988 | Shoals:1 | Bought a +1 pair of boots for 195 gold pieces
 70055 | Shoals:1 | HP: 3/141 [merfolk javelineer/javelin (23)]
 71443 | Shoals:2 | Noticed Polyphemus
 71452 | Shoals:2 | Killed Polyphemus
 71840 | Shoals:2 | Reached ****** piety under Sif Muna
 72748 | Shoals:3 | Reached skill level 22 in Spellcasting
 72994 | Shoals:3 | Received a gift from Sif Muna
 73053 | Shoals:3 | Noticed Mlioglotl
 73061 | Shoals:3 | Killed Mlioglotl
 73586 | Shoals:4 | Entered Level 4 of the Shoals
 74508 | Shoals:4 | Received a gift from Sif Muna
 74509 | Shoals:4 | Got Sif Muna's Compendium of Confrontation {god gift}
 74653 | Shoals:4 | Got a barnacled rune of Zot
 74840 | Shoals:4 | Identified the amulet "Rirch" {Reflect rN+ SH+5 Stlth+}
 75092 | Shoals:4 | Reached XP level 20. HP: 95/148 MP: 13/46
 76146 | Vaults:1 | Entered Level 1 of the Vaults
 76166 | Vaults:1 | Found a magical portal.
 76186 | Vaults:1 | Learned a level 8 spell: Maxwell's Capacitive Coupling
 76188 | WizLab   | Entered The Roulette of Golubria
 76188 | WizLab   | Found a transporter.
 76249 | WizLab   | Found a transporter.
 76278 | WizLab   | Found a corrupted altar of Lugonu.
 76281 | WizLab   | Found a transporter.
 76340 | WizLab   | Found a transporter.
 76464 | WizLab   | Found a transporter.
 76524 | WizLab   | Found a transporter.
 76564 | WizLab   | Found a transporter.
 76688 | WizLab   | Found a transporter.
 76688 | WizLab   | Found a transporter.
 76704 | WizLab   | Found a transporter.
 76795 | WizLab   | Found a transporter.
 76899 | WizLab   | Found a transporter.
 76899 | WizLab   | Found a transporter.
 76971 | WizLab   | Found a transporter.
 76971 | WizLab   | Found a transporter.
 77013 | WizLab   | Found a transporter.
 77013 | WizLab   | Found a transporter.
 77041 | WizLab   | Found a corrupted altar of Lugonu.
 77047 | WizLab   | Identified the -7 cloak "Akhutam" {rC+ Will+ Str+4}
 77048 | WizLab   | Found a transporter.
 77048 | WizLab   | Found the +1 cloak of Starlight {*Dazzle EV+4 Stlth--}
 77053 | WizLab   | Identified the +3 cloak of Kiduastretip {rN+}
 77068 | WizLab   | Found a transporter.
 77068 | WizLab   | Identified the ring of the Present {Fly rF++ Str+4}
 77120 | WizLab   | Found a transporter.
 77137 | WizLab   | Got Sif Muna's Volume of the Voyage
 77350 | Vaults:1 | Received a gift from Sif Muna
 77378 | Vaults:1 | Reached skill level 23 in Spellcasting
 77796 | Vaults:1 | Noticed Asterion
 77813 | Vaults:1 | Killed Asterion
 78000 | Vaults:1 | Killed from afar by an ironbound frostheart

Illustrated notes

Levels and vault maps discovered:
D:1:      dpeg_arrival_round_b, layout_rooms, basic_ecumenical_altar,
          minmay_tall_x
D:2:      wad_crossroads, layout_basic, serial_shops, shop
D:3:      layout_loops_ring, mainiacjoe_overflow_24_doors
D:4:      layout_layer_cave, minmay_temple_entry_statues_pillars,
          gammafunk_ghost_mausoleum, nicolae_shop_sticking_my_neck_out,
          uniq_natasha
D:5:      black_bear_nest_1, layout_basic, grunt_dithmenos_smoke_and_mirrors,
          serial_rivers, chequers_serial_rivers_micro_b,
          chequers_serial_rivers_micro_b, chequers_serial_rivers_micro_a,
          chequers_serial_rivers_large_a, chequers_serial_rivers_micro_e,
          chequers_serial_rivers_micro_a
D:6:      layout_rooms
D:7:      layout_loops_cross
D:8:      layout_basic, gammafunk_ghost_ooze, uniq_harold, uniq_psyche
D:9:      layout_basic, mainiacjoe_overflow_paths, orc_0_dummy,
          uniq_prince_ribbit1, uniq_pikel
D:10:     layout_loops_corners, chequers_temple_overflow_statue_of_worship,
          erik_lair_orcish_takeover, serial_shops, shop, uniq_erica,
          uniq_maurice
D:11:     minmay_the_grid_plus_closed [minmay_the_grid_square_x,
          minmay_the_grid_minigrid_small, minmay_the_grid_x,
          minmay_the_grid_eight, minmay_the_grid_prize_inner_circle],
          layout_basic, onia_ninara_dug_in_and_dangerous
D:12:     layout_basic, ebering_ghost_funeral_grove, nzn_sisyphean_effort,
          uniq_kirke, uniq_rupert, uniq_jorgrun, uniq_azrael
D:13:     layout_gridville, ebering_ghost_inner_flame, uniq_sonja, uniq_erolcha
D:14:     minmay_five_octagons, layout_basic, grunt_vaults_entry_fortified
D:15:     grunt_enter_depths_magical_seal, layout_loops_ring, serial_shops,
          shop, minmay_misc_feat_rugged, tgw_fedhas, uniq_nessos
Temple:   eino_temple_rhombus
Lair:1:   layout_hall_layers
Lair:2:   layout_cave_pods, elwin_shoals_entry_stream,
          nicolae_volcano_entry_hallway, portal_ice_cave_entry_pillars_2
Lair:3:   layout_cave_pods, grunt_megastairs_3, infiniplex_staircase_pool
Lair:4:   layout_roguey, spider_nest_entry_web_field, guppyfry_lair_drakes,
          lemuel_fruit_tree, serial_bayou_shore_a, grunt_megastairs_5
Lair:5:   layout_roguey, slime_altar_2, grunt_megastairs_1
Lair:6:   hellmonk_lair_end_abyssal_woods, layout_hall_layers
Shoals:1: nicolae_shoals_mermall, layout_shoals,
          nicolae_shoals_pincushion_passage
Shoals:2: layout_shoals, serial_shops, shop, nicolae_shoals_spring_well_temple,
          uniq_polyphemus
Shoals:3: layout_shoals, uniq_mlioglotl
Shoals:4: shoals_end_grunt_ice, layout_shoals
Spider:1: nicolae_spider_hilbert_zone_4 [nicolae_spider_hilbert_4_sides_2_open,
          nicolae_spider_hilbert_4_sides_1_open,
          nicolae_spider_hilbert_4_sides_1_open,
          nicolae_spider_hilbert_4_sides_1_open,
          nicolae_spider_hilbert_4_sides_1_open,
          nicolae_spider_hilbert_2_sides_1_open,
          nicolae_spider_hilbert_2_sides_1_open,
          nicolae_spider_hilbert_2_sides_1_open,
          nicolae_spider_hilbert_2_sides_1_open,
          nicolae_spider_hilbert_6_sides_1_open,
          nicolae_spider_hilbert_6_sides_1_open,
          nicolae_spider_hilbert_3_sides_1_open,
          nicolae_spider_hilbert_3_sides_1_open], nicolae_looking_at_the_future,
          uniq_agnes
Spider:2: layout_spider_delve
Spider:3: layout_spider_delve, hangedman_spider_tarantella_strand
Spider:4: spider_rune_water, uniq_roxanne
Orc:1:    layout_caves, basic_altar, led_sif_book, uniq_nergalle, uniq_snorg
Orc:2:    st_orc_town, layout_diamond_mine
Elf:1:    layout_geoelf_octagon, hangedman_elf_represent,
          serial_sigils_hangedman_clutch, dk_noncrumbling_4,
          lemuel_upstairs_altar
Elf:2:    elven_hall_of_blades_hangedman_original
          [nicolae_blade_entry_crossed_weapons], layout_gridlike, serial_shops,
          nicolae_diamond_shop
Elf:3:    minmay_elf_hall_x, layout_geoelf_octagon
Vaults:1: mu_enter_wizlab_1, dpeg_vaults_monster_row,
          grunt_vaults_hallway_short, nicolae_vaults_network_s,
          nicolae_vaults_asterisk, v_misc_22, hangedman_vaults_impose,
          grunt_vaults_twisty, grunt_vaults_funnel, layout_vaults_big_room,
          uniq_asterion, uniq_aizul

Skill      XL: |  1  2  3  4  5  6  7  8  9 10 11 12 13 14 15 16 17 18 19 20 |
---------------+-------------------------------------------------------------+-----
Dodging        | 2 3 4 5 6 7 |  7.2
Stealth        | 2 |  2.0
Fighting       | 1 2 3 4 5 6 |  6.2
Conjurations   | 1 2 3 5 7 9 11 13 15 17 18 19 20 21 22 | 22.4
Spellcasting   | 3 4 5 6 8 9 11 13 14 15 16 18 20 21 22 23 | 23.1
Earth Magic    | 4 5 6 7 8 9 10 11 12 13 14 15 16 | 16.2
Air Magic      | 1 2 4 5 6 7 8 9 10 11 | 11.1
Shields        | 1 3 4 |  4.1
Summonings     | 1 3 4 |  4.4
Evocations     | 1 |  1.0
Transmutations | |  1.0

Action                   |  1- 3 |  4- 6 |  7- 9 | 10-12 | 13-15 | 16-18 | 19-21 || total
-------------------------+-------+-------+-------+-------+-------+-------+-------++-------
Melee: Club              |   198 |    61 |       |       |       |       |       ||   259
       Unarmed           |     9 |       |       |       |       |       |       ||     9
       Tailslap          |    22 |     6 |     8 |     3 |     8 |    11 |     6 ||    64
       Hand axe          |       |    15 |       |       |       |       |       ||    15
       Morningstar       |       |     4 |       |       |       |       |       ||     4
       Short sword       |       |    24 |    13 |       |       |       |       ||    37
       Quarterstaff      |       |     8 |       |       |       |       |       ||     8
       Dagger            |       |       |    51 |    53 |    67 |     5 |       ||   176
       Staff             |       |       |       |       |     8 |       |    10 ||    18
       Long sword        |       |       |       |       |     1 |       |       ||     1
       Great sword       |       |       |       |       |       |    77 |     3 ||    80
 Cast: Sandblast         |     6 |    28 |     3 |     9 |     4 |       |       ||    50
       Stone Arrow       |       |    17 |   119 |   274 |   369 |   390 |   222 ||  1391
       Poisonous Vapours |       |       |    20 |    25 |    56 |    66 |    15 ||   182
       Iskenderun's Batt |       |       |    12 |   101 |   144 |   180 |    99 ||   536
       Iron Shot         |       |       |       |     5 |    48 |   151 |   105 ||   309
       Freezing Cloud    |       |       |       |     3 |    93 |   117 |    46 ||   259
       Lee's Rapid Decon |       |       |       |       |       |    65 |     5 ||    70
       Mephitic Cloud    |       |       |       |       |       |    41 |    13 ||    54
       Spellforged Servi |       |       |       |       |       |    37 |   101 ||   138
       Swiftness         |       |       |       |       |       |     1 |       ||     1
 Abil: Breathe Dispellin |       |       |     1 |     3 |     1 |       |       ||     5
Evoke: Wand              |       |       |       |     3 |     1 |     5 |       ||     9
  Use: Scroll            |       |       |       |    12 |     8 |    16 |     2 ||    38
       Potion            |       |       |       |       |       |     6 |     2 ||     8
 Stab: Sleeping          |     2 |     3 |     1 |       |     1 |       |       ||     7
       Paralysed         |       |       |       |     3 |       |       |       ||     3
       Confused          |       |       |       |       |       |     3 |       ||     3
Armor: Skin              |    66 |    47 |    42 |    38 |    43 |   178 |    39 ||   453
Dodge: Dodged            |   143 |    74 |    76 |    93 |    90 |   357 |    97 ||   930
       Repelled          |       |       |     3 |     1 |     1 |     4 |       ||     9
Block: Buckler           |       |       |       |    21 |    21 |    11 |    78 ||   131
       Other             |       |       |       |       |       |     4 |       ||     4
       Reflection        |       |       |       |       |       |       |    28 ||    28
       Rpst.: Great sword |       |       |       |       |       |    33 |     2 ||    35
       Staff             |       |       |       |       |       |       |    11 ||    11

Table legend: (Time is in decaauts)
 A = Elapsed time spent in this place.
 B = Non-inter-level travel time spent in this place.
 C = Inter-level travel time spent in this place.
 D = Time resting spent in this place.
 E = Time spent auto-exploring this place.
 F = Levels seen in this place.
 G = Mean time per level.
                   A        B        C        D        E       F      G
               +--------+--------+--------+--------+--------+-----+--------+
         Total |  78341 |  76057 |   2284 |  33572 |  23892 |  38 | 2061.6 |
       Dungeon |  30917 |  29720 |   1197 |  11452 |  11461 |  15 | 2061.1 |
        Temple |     12 |     12 |      0 |      0 |      0 |   1 |   12.0 |
          Lair |  11785 |  11278 |    507 |   3516 |   5985 |   6 | 1964.2 |
        Shoals |   6671 |   6553 |    118 |   3735 |    253 |   4 | 1667.8 |
   Spider Nest |  10738 |  10552 |    186 |   5841 |   2349 |   4 | 2684.5 |
  Orcish Mines |   5431 |   5304 |    127 |   2638 |   1479 |   2 | 2715.5 |
   Elven Halls |  10259 |  10112 |    147 |   5434 |   2240 |   3 | 3419.7 |
        Vaults |    851 |    851 |      0 |    192 |     44 |   1 |  851.0 |
       Volcano |    673 |    673 |      0 |    469 |      0 |   1 |  673.0 |
        Wizlab |    999 |    999 |      0 |    295 |     81 |   1 |  999.0 |
               +--------+--------+--------+--------+--------+-----+--------+

Top non-repeatable levels by time:
Spider:3: 3994 daAuts
    D:11: 3961 daAuts
   Elf:3: 3845 daAuts
   Elf:2: 3479 daAuts
  Lair:6: 3410 daAuts
   Orc:2: 3275 daAuts
Spider:1: 3073 daAuts
   Elf:1: 2934 daAuts
    D:12: 2563 daAuts
    D:10: 2427 daAuts
    D:14: 2396 daAuts
Shoals:4: 2324 daAuts
     D:9: 2311 daAuts
    D:15: 2197 daAuts
   Orc:1: 2156 daAuts
